 Dungeon Crawl Stone Soup version 0.30.1-11-g7821555f0a (webtiles) character file.

Game seed: 8112597819383091892

45 lonewolfV2 the Trooper (level 3, -1/29 HPs)
             Began as a Demonspawn Fighter on Oct 31, 2023.
             Was an Initiate of Dithmenos.
             Slain by Natasha (4 damage)
             ... on level 2 of the Dungeon.
             The game lasted 00:02:38 (1567 turns).

lonewolfV2 the Trooper (Demonspawn Fighter)         Turns: 1567, Time: 00:02:39

Health: -1/29      AC:  6    Str: 16    XL:     3   Next: 42%
Magic:  3/3        EV:  8    Int:  9    God:    Dithmenos [......]
Gold:   149        SH:  4    Dex: 14    Spells: 2/2 levels left

rFire   . . .        a - +0 war axe
rCold   . . .        c - +0 buckler
rNeg    . . .        b - +0 scale mail
rPois   .            (no helmet)
rElec   .            (no cloak)
rCorr   .            (no gloves)
SInv    .            (no boots)
Will    .....        k - amulet of regeneration Stlth
                     (no ring)
HPRegen 1.04/turn    (no ring)
MPRegen 0.16/turn

%: no passive effects
@: no status effects
A: claws 1, magic regeneration
a: Renounce Religion


You were on level 2 of the Dungeon.
You worshipped Dithmenos.
Dithmenos was noncommittal.
You visited 1 branch of the dungeon, and saw 2 of its levels.

You collected 149 gold pieces.

Inventory:

Hand Weapons
 a - a +0 war axe (weapon)
Armour
 b - a +0 scale mail (worn)
 c - a +0 buckler (worn)
Jewellery
 k - an amulet of regeneration (around neck)
Scrolls
 e - a scroll of teleportation
 g - 4 scrolls of identify
 h - a scroll of blinking
 i - 3 scrolls of fear
Potions
 d - 2 potions of might
 f - a potion of haste
 j - a potion of curing
 l - 2 potions of mutation {unknown}


   Skills:
 + Level 3.5 Fighting
 * Level 3.0 Axes
 - Level 2.6 Armour
 - Level 2.6 Shields
 + Level 0.1 Invocations


You had 2 spell levels left.
You didn't know any spells.
Your spell library contained the following spells:

 Spells                   Type           Power      Damage    Failure   Level
 Sandblast                Erth           0%         2d4       88%         1
 Passwall                 Tmut/Erth      0%         N/A       96%         2
 Stone Arrow              Conj/Erth      0%         3d7       99%         3


Dungeon Overview and Level Annotations

Branches:
Dungeon (2/15)

Altars:
Dithmenos

Annotations:
D:2 Natasha


Innate Abilities, Weirdness & Mutations

You have sharp fingernails.
You regenerate magic rapidly.


Message History

Natasha claws you but does no damage.
The cerulean imp hits you from afar with a +2 spear.
The cerulean imp hits you from afar with a +1 spear.
You barely miss Natasha.
Natasha is lightly wounded.
You closely miss the cerulean imp. The cerulean imp closely misses you.
Natasha closely misses you. The cerulean imp barely misses you.
The cerulean imp hits you but does no damage.
The cerulean imp barely misses you. Natasha barely misses you.
You closely miss Natasha.
Natasha is lightly wounded.
You closely miss the cerulean imp.
The cerulean imp hits you from afar with a +2 spear.
The cerulean imp hits you from afar with a +1 spear.
The cerulean imp barely misses you. Natasha claws you.
The cerulean imp hits you but does no damage.
The cerulean imp hits you from afar with a +1 spear.
You hit Natasha.
Natasha is moderately wounded.
You miss the cerulean imp.
The cerulean imp hits you but does no damage.
Natasha completely misses you. You block the cerulean imp's attack.
The cerulean imp hits you from afar with a +1 spear.
The cerulean imp hits you with a +0 spear.
Natasha stares at you and mumbles some strange words.
The magic dart hits you.
* * * LOW HITPOINT WARNING * * *
You block the cerulean imp's attack. x2
There is an open door here.
Natasha claws you.
* * * LOW HITPOINT WARNING * * *
The cerulean imp hits you with a +1 spear.
* * * LOW HITPOINT WARNING * * *
The cerulean imp barely misses you.
The cerulean imp hits you with a +0 spear.
* * * LOW HITPOINT WARNING * * *
You closely miss Natasha.
Natasha is lightly wounded.
You hit the cerulean imp. You closely miss the cerulean imp. Natasha claws you.
You die...

#......# #.....##.#.##...
#<.....# #.....##........
#......###.....####.#..#.
#####....'.....'....#..#.
#.####.....######..#.
########### #.# #.....#
#..... ..........#
############ #...#.
..........######55.....#
#####.
..........'....'@h.....+
.....
.......(..######.......#
#.#.## ###########
#$5.....# #)## #$......#
#.## ## ######### .... .#
#+ #.## .# ... #.## .####
.. ...######## #.## ....#
#.. ..........###### #.##


You could see Natasha and 3 cerulean imps.

Vanquished Creatures
  An adder (D:2)
  2 dart slugs
  3 bats
  6 endoplasms
  A giant cockroach (D:1)
  A goblin (D:1)
  3 hobgoblins (D:1)
  A quokka (D:1)
  5 ball pythons
  2 frilled lizards (D:1)
  3 kobolds (D:1)
  A rat (D:2)
29 creatures vanquished.

Notes
Turn   | Place    | Note
-------+----------+-------------------------------------------
     0 | D:1      | lonewolfV2 the Demonspawn Fighter began the quest for the
                  | Orb.
     0 | D:1      | Reached XP level 1. HP: 18/18 MP: 1/1
   233 | D:1      | Gained mutation: You regenerate magic rapidly. [demonic
                  | ancestry]
   233 | D:1      | Reached XP level 2. HP: 24/24 MP: 2/2
   233 | D:1      | Found a faded altar of an unknown god.
  1207 | D:2      | Gained mutation: You have sharp fingernails. [demonic
                  | ancestry]
  1207 | D:2      | Reached XP level 3. HP: 29/29 MP: 3/3
  1433 | D:2      | Found a shadowy altar of Dithmenos.
  1472 | D:2      | Became a worshipper of Dithmenos the Shadowed
  1554 | D:2      | Noticed Natasha
  1566 | D:2      | HP: 1/29 [cerulean imp/+0 spear[Natasha] (2)]
  1567 | D:2      | Slain by Natasha

Illustrated notes

Levels and vault maps discovered:
D:1:      saegor_arrival_simple_b, layout_loops_ring,
          hellmonk_ecumenical_altar_leap_of_faith, minmay_hedge_maze,
          grunt_decor_one_mirror, minmay_misc_feat_chi, kennysheep_minor_cross
D:2:      layout_basic, basic_altar, uniq_natasha

Skill      XL: |  1  2  3 |
---------------+----------+-----
Axes           | 2 3 |  3.0
Fighting       | |  3.5
Armour         | |  2.6
Shields        | |  2.6
Invocations    | |  0.1

Action                     || total
---------------------------++-------
  Melee: War axe           ||   206
    Use: Scroll            ||     6
 Armour: Scale mail        ||    61
  Dodge: Dodged            ||    59
  Block: Buckler           ||    27
